AoeStats
← Tamor

Black Forest

510455901Analyzed
4v4 RM · 24h ago on Oct 1, 2026· 57m 28s· 8 players
Game mode
Random Map
Map size
Large (8 player)
Population
200
Speed
Normal
Resources
Standard
Victory
Conquest
Starting age
Dark Age
Ending age
Imperial Age
RankedLock teamsTeams togetherTeam positionsShared explorationLock speedFull tech treeHidden civsTurbo modeCheats
Victory
Defeat
🇨🇳 Franks · China
1014
+13
🇨🇳 Cumans · China
846
+19
🇧🇷 Franks · Brazil
777
+22
🇪🇨 Mongols · Ecuador
775
+22
🇨🇴 Franks · Colombia
964
-21
🇺🇸 Berbers · United States
924
-19
🇺🇸 Celts · United States
906
-18
🇩🇪 Tatars · Germany
899
-18
SpicyBoi
1:27 Loom
12:00 Feudal Age
13:20 Double-Bit Axe
14:13 Wheelbarrow
15:23 Horse Collar
15:38 Gold Mining
22:26 Bloodlines
24:19 Castle Age
22:16 Stone Mining
25:53 Stone Shaft Mining
24:46 Man-at-Arms
25:53 Forging
25:27 Long Swordsman
26:18 Scale Mail Armor
27:56 Town Watch
28:05 Arson
30:09 Fletching
30:32 Murder Holes
31:17 Bodkin Arrow
32:06 Bow Saw
32:09 Padded Archer Armor
32:49 Iron Casting
32:26 Squires
33:32 Kasbah
33:19 Pikeman
37:00 Heavy Plow
37:42 Gold Shaft Mining
42:41 Chain Mail Armor
44:14 Ballistics
44:04 Masonry
Sphere Of Light
1:22 Loom
1:32 Loom
13:16 Feudal Age
16:55 Double-Bit Axe
19:36 Castle Age
18:11 Horse Collar
20:35 Bow Saw
23:27 Fletching
26:09 Scale Barding Armor
29:10 Wheelbarrow
28:30 Fletching
29:15 Fishing Lines
32:17 Bodkin Arrow
32:44 Padded Archer Armor
33:16 Bloodlines
35:06 Gillnets
36:13 Husbandry
36:36 Chain Barding Armor
36:32 Leather Archer Armor
36:42 Hand Cart
36:33 Heavy Plow
36:30 Gold Mining
37:32 Fervor
39:55 Imperial Age
40:19 Forging
39:49 Pikeman
40:18 Elite Steppe Lancer
40:19 Heavy Camel Rider
42:41 Plate Barding Armor
42:42 Iron Casting
43:59 Ballistics
Two.One
1:05 Loom
11:33 Feudal Age
16:51 Castle Age
17:52 Town Watch
20:34 Double-Bit Axe
27:26 Wheelbarrow
27:17 Horse Collar
29:29 Bow Saw
34:13 Imperial Age
32:34 Stronghold
32:46 Guard Tower
33:26 Hand Cart
33:02 Pikeman
35:16 Halberdier
36:19 Forging
36:10 Scale Mail Armor
36:01 Fletching
37:32 Gold Mining
37:33 Stone Mining
37:53 Heavy Plow
38:07 Siege Engineers
38:34 Chain Mail Armor
38:55 Iron Casting
39:10 Conscription
42:36 Blast Furnace
42:07 Plate Mail Armor
42:32 Bodkin Arrow
43:18 Man-at-Arms
43:43 Gambesons
Mr. S. Holmes
12:26 Feudal Age
16:41 Castle Age
14:41 Stone Mining
14:38 Double-Bit Axe
24:04 Caravan
24:27 Bow Saw
25:46 Wheelbarrow
32:51 Imperial Age
31:25 Hand Cart
30:58 Town Watch
31:00 Loom
30:58 Elite Skirmisher
32:45 Town Patrol
32:51 Gold Mining
33:09 Fletching
33:19 Padded Archer Armor
33:31 Forging
35:52 Bodkin Arrow
36:13 Leather Archer Armor
38:40 Gold Shaft Mining
38:44 Iron Casting
38:17 Scale Barding Armor
41:26 Blast Furnace
40:48 Chain Barding Armor
41:00 Chivalry
42:30 Scale Mail Armor
44:15 Pikeman
44:41 Arson
44:57 Squires
47:43 Halberdier
47:50 Cavalier
48:31 Husbandry
48:50 Paladin
Junior
1:51 Loom
12:22 Feudal Age
16:36 Castle Age
15:26 Double-Bit Axe
15:21 Horse Collar
18:16 Fletching
19:07 Heavy Plow
20:48 Fervor
25:39 Bow Saw
27:08 Bodkin Arrow
27:02 Town Watch
28:49 Wheelbarrow
29:13 Gold Mining
29:14 Stone Mining
31:24 Caravan
31:39 Nomads
31:47 Padded Archer Armor
35:04 Imperial Age
34:53 Town Patrol
35:08 Hand Cart
36:00 Gold Shaft Mining
35:50 Husbandry
36:00 Bloodlines
37:16 Leather Archer Armor
37:23 Ballistics
38:24 Drill
37:47 Onager
38:38 Capped Ram
40:46 Chemistry
41:39 Siege Engineers
41:36 Bracer
44:25 Murder Holes
44:41 Masonry
44:12 Siege Ram
44:31 Elite Skirmisher
50:09 Stone Shaft Mining
49:09 Siege Ram
52:23 Siege Onager
52:35 Siege Onager
54:11 Thumb Ring
54:31 Parthian Tactics
57:24 Fortified Wall
Tamor
11:58 Feudal Age
13:28 Double-Bit Axe
16:19 Castle Age
20:41 Wheelbarrow
20:03 Gold Mining
25:59 Hand Cart
26:04 Stone Mining
26:49 Gold Shaft Mining
27:31 Caravan
28:37 Bow Saw
31:05 Imperial Age
28:27 Treadmill Crane
28:58 Masonry
31:04 Husbandry
31:24 Forging
31:20 Scale Barding Armor
31:09 Cavalier
32:40 Iron Casting
35:22 Blast Furnace
34:42 Chain Barding Armor
34:34 Paladin
36:03 Conscription
37:21 Coinage
37:31 Chivalry
38:15 Plate Barding Armor
37:53 Squires
37:43 Arson
39:23 Banking
39:28 Elite Throwing Axeman
40:45 Hoardings
41:24 Scale Mail Armor
41:17 Fletching
41:27 Padded Archer Armor
44:34 Chain Mail Armor
44:16 Bodkin Arrow
44:37 Leather Archer Armor
村中一匹狼
1:12 Loom
14:13 Feudal Age
15:21 Double-Bit Axe
18:16 Horse Collar
22:40 Bloodlines
27:57 Castle Age
29:58 Bow Saw
31:14 Padded Archer Armor
31:04 Fletching
36:40 Wheelbarrow
37:14 Caravan
37:31 Gold Mining
37:32 Stone Mining
38:08 Bodkin Arrow
41:42 Gold Shaft Mining
44:50 Imperial Age
42:38 Hand Cart
48:13 Fishing Lines
49:10 Ballistics
49:52 Chemistry
49:42 Onager
49:51 Capped Ram
50:54 Siege Ram
52:55 Two-Man Saw
53:52 Onager
54:44 Town Watch
55:35 Conscription
55:19 Cuman Mercenaries
55:48 Siege Onager
西崽
10:56 Feudal Age
14:37 Castle Age
19:52 Wheelbarrow
20:03 Double-Bit Axe
21:56 Bow Saw
24:31 Hand Cart
24:06 Town Watch
24:06 Loom
24:57 Forging
24:52 Scale Barding Armor
24:39 Gold Mining
24:40 Stone Mining
26:38 Fletching
26:48 Padded Archer Armor
27:00 Husbandry
28:07 Gold Shaft Mining
30:33 Imperial Age
30:15 Iron Casting
30:44 Cavalier
31:53 Conscription
31:41 Chivalry
32:58 Blast Furnace
32:19 Chain Barding Armor
32:03 Treadmill Crane
32:33 Masonry
32:05 Paladin
37:34 Hoardings
38:57 Architecture
38:32 Siege Engineers
39:29 Chemistry
38:49 Ballistics
38:25 Murder Holes
38:41 Fortified Wall
39:12 Plate Barding Armor
38:33 Bodkin Arrow
38:53 Leather Archer Armor
40:45 Caravan
41:16 Coinage
42:36 Banking
42:10 Devotion
42:06 Herbal Medicine
46:48 Light Cavalry
Connection lost

Rejoining the realm…

Still unreachable

The connection could not be restored.

Session expired

The server has moved on; the page needs a fresh start.